 Dungeon Crawl Stone Soup version 0.31-a0-1066-g35875b34c7 (webtiles) character file.

Game seed: 18086945271222479284

38 funkygono the Firebug (level 3, -1/19 HPs)
             Began as a Deep Elf Fire Elementalist on Nov 22, 2023.
             Slain by an adder (2 damage)
             ... on level 2 of the Dungeon.
             The game lasted 00:01:40 (1101 turns).

funkygono the Firebug (Deep Elf Fire Elementalist)  Turns: 1101, Time: 00:01:40

Health: -1/19      AC:  2    Str:  5    XL:     3   Next: 25%
Magic:  0/10       EV: 12    Int: 21    God:
Gold:   102        SH:  0    Dex: 15    Spells: 3/9 levels left

rFire   . . .        c - +2 dagger (speed)
rCold   . . .        (no shield)
rNeg    . . .        a - +0 robe
rPois   .            (no helmet)
rElec   .            (no cloak)
rCorr   .            (no gloves)
SInv    .            (no boots)
Will    .....        (no amulet)
Stlth   ++           (no ring)
HPRegen 0.23/turn    (no ring)
MPRegen 0.12/turn

%: no passive effects
@: lethally poisoned (-1 -> -5)
A: no striking features
a: no special abilities


You were on level 2 of the Dungeon.
You visited 1 branch of the dungeon, and saw 2 of its levels.

You collected 102 gold pieces.

Inventory:

Hand Weapons
 c - a +2 dagger of speed (weapon)
Armour
 a - a +0 robe (worn)
Jewellery
 h - an amulet of magic regeneration
Scrolls
 d - a scroll of immolation {unknown}
Potions
 b - a potion of magic
 e - 2 potions of lignification {unknown}
 f - a potion of degeneration {unknown}
 g - 2 potions of curing
 i - a potion of mutation {unknown}


   Skills:
 + Level 2.5 Dodging
 + Level 2.5 Stealth
 + Level 3.6 Spellcasting
 + Level 1.2 Conjurations
 + Level 4.3 Fire Magic


You had 3 spell levels left.
You knew the following spells:

 Your Spells              Type           Power      Damage    Failure   Level
a - Foxfire               Conj/Fire      60%        2x1d7     4%          1
b - Scorch                Fire           42%        2d6       3%          2
c - Inner Flame           Hex/Fire       12%        N/A       16%         3

Your spell library contained the following spells:

 Spells                   Type           Power      Damage    Failure   Level
 Kiss of Death            Conj/Necr      24%        2d7       10%         1
 Volatile Blastmotes      Fire/Tloc      24%        2d12      16%         3
 Confusing Touch          Hex            3%         N/A       36%         3
 Flame Wave               Conj/Fire      15%        2d7       36%         4
 Dispel Undead            Necr           3%         3d7       77%         4


Dungeon Overview and Level Annotations

Branches:
Dungeon (2/15)

Altars:


Message History

You are more poisoned.
The adder poisons you! The adder misses you.
Casting: Foxfire (safe; 4% risk of failure)
Confirm with . or Enter, or press ? or * to list all spells.
Flames lash the worm.
The worm is moderately wounded.
The worm's fire resistance burns away.
You feel sick.
The foxfire hits the adder.
The adder is heavily wounded.
The foxfire hits the adder.
The adder is almost dead.
The adder bites you but does no damage.
You hit the adder but do no damage.
The adder is almost dead.
You feel sick. The adder bites you.
Casting: Scorch (safe; 3% risk of failure)
Confirm with . or Enter, or press ? or * to list all spells.
You conjure some foxfire!
You feel sick. The adder bites you but does no damage.
Casting: Foxfire (safe; 4% risk of failure)
Confirm with . or Enter, or press ? or * to list all spells.
Flames lash the worm.
The worm is burned terribly!
The worm is almost dead.
You feel sick.
The foxfire hits the worm.
The worm is almost dead.
The adder bites you.
* * * LOW HITPOINT WARNING * * *
The worm misses you.
You miss the adder.
The adder is almost dead.
You feel sick. The adder bites you.
* * * LOW HITPOINT WARNING * * *
You are lethally poisoned!
The adder poisons you!
Casting: Scorch (safe; 3% risk of failure)
Confirm with . or Enter, or press ? or * to list all spells.
You conjure some foxfire!
* * * LOW HITPOINT WARNING * * *
You feel sick. The adder bites you.
You die...

.....###......#
........>.....#
.>....###.....#
.<.....######## .....#.#
######.# .# #.#######
...###.......#####
##....######...v@#
####..## #####wS..#
##..# #........ ##.#
...†...#.
#######.#######.........
.....................?..
[..######.######.....###
##.........# #......
######.####


You could see a worm (combustible, ally target) and an adder.

Vanquished Creatures
  An adder (D:2)
  A worm (D:2)
  A dart slug (D:1)
  2 endoplasms (D:1)
  3 giant cockroaches
  2 goblins (D:1)
  2 hobgoblins (D:1)
  2 jackals (D:2)
  3 bats (D:1)
  A frilled lizard (D:1)
  3 kobolds (D:1)
  A rat (D:2)
22 creatures vanquished.

Vanquished Creatures (others)
  82 foxfires
82 creatures vanquished.

Grand Total: 104 creatures vanquished

Notes
Turn   | Place    | Note
-------+----------+-------------------------------------------
     0 | D:1      | funkygono the Deep Elf Fire Elementalist began the quest
                  | for the Orb.
     0 | D:1      | Reached XP level 1. HP: 10/10 MP: 6/6
   233 | D:1      | Reached XP level 2. HP: 15/15 MP: 4/8
   236 | D:1      | Learned a level 2 spell: Scorch
   836 | D:2      | Reached skill level 4 in Fire Magic
   836 | D:2      | Reached XP level 3. HP: 19/19 MP: 5/10
   840 | D:2      | Learned a level 3 spell: Inner Flame
  1101 | D:2      | Slain by an adder

Illustrated notes

Levels and vault maps discovered:
D:1:      lemuel_arrival_funnel, layout_rooms, hangedman_decor_slide_cut,
          dk_noncrumbling_3
D:2:      layout_rooms, grunt_decor_resistance, amethyst_killhole

Skill      XL: |  1  2 |
---------------+-------+-----
Fire Magic     | 4 |  4.3
Dodging        | |  2.5
Stealth        | |  2.5
Spellcasting   | |  3.6
Conjurations   | |  1.2

Action                     || total
---------------------------++-------
  Melee: Unarmed           ||     2
         Dagger            ||     4
   Cast: Foxfire           ||    47
         Scorch            ||     5
    Use: Scroll            ||     2
 Armour: Robe              ||    15
  Dodge: Dodged            ||     7

Table legend: (Time is in decaauts)
 A = Elapsed time spent in this place.
 B = Non-inter-level travel time spent in this place.
 C = Inter-level travel time spent in this place.
 D = Time resting spent in this place.
 E = Time spent auto-exploring this place.
 F = Levels seen in this place.
 G = Mean time per level.
                   A        B        C        D        E       F      G
               +--------+--------+--------+--------+--------+-----+--------+
         Total |   1099 |   1091 |      8 |      0 |    942 |   2 |  549.5 |
       Dungeon |   1099 |   1091 |      8 |      0 |    942 |   2 |  549.5 |
               +--------+--------+--------+--------+--------+-----+--------+

Top non-repeatable levels by time:
     D:1: 830 daAuts
     D:2: 268 daAuts
